[Event "Early-Titled-Tuesday-Blitz-September-05-2023"]
[Site "Chess.com"]
[Date "2023.09.05"]
[Round "9"]
[White "IngOscarArdila"]
[Black "Lady_Nika"]
[Result "1-0"]
[WhiteElo "2411"]
[BlackElo "2460"]
[TimeControl "180+1"]
[EndTime "9:41:15 PDT"]
[Termination "IngOscarArdila won by resignation"]

1. d4 d5 2. c4 e6 3. Nc3 Nf6 4. Bg5 Be7 5. e3 O-O 6. Nf3 c6 7. Bd3 dxc4 8. Bxc4 b5 9. Bd3 Bb7 10. O-O a6 11. Qe2 Nbd7 12. Rfc1 c5 13. a4 c4 14. Bb1 Nd5 15. Bxe7 Qxe7 16. axb5 Nxc3 17. bxc3 axb5 18. Rxa8 Rxa8 19. Qc2 f5 20. Qb2 Bc6 21. Re1 Nf6 22. Ne5 Be8 23. e4 fxe4 24. Bxe4 Nxe4 25. Rxe4 Qa3 26. Qd2 Qb3 27. Re1 Ra2 28. Qe3 Rc2 29.
Nf3 Bf7 30. Qe5 h6 31. Qb8+ Kh7 32. Qf8 Bg6 33. h4 Qxc3 34. Rxe6 Rc1+ 35. Kh2 Qa1 36. Re7 Rh1+ 37. Kg3 Rh3+ 38. gxh3 1-0

[Event "Early-Titled-Tuesday-Blitz-September-05-2023"]
[Site "Chess.com"]
[Date "2023.09.05"]
[Round "9"]
[White "PetrolulSah"]
[Black "GrumbleBruno"]
[Result "1/2-1/2"]
[WhiteElo "2166"]
[BlackElo "2456"]
[TimeControl "180+1"]
[EndTime "9:41:24 PDT"]
[Termination "Game drawn by repetition"]

1. d4 Nf6 2. c4 c5 3. Nf3 g6 4. g3 Bg7 5. Bg2 O-O 6. O-O Nc6 7.
Nc3 cxd4 8. Nxd4 d6 9. Nxc6 bxc6 10. Bxc6 Rb8 11. Bg2 Ng4 12. e4 Ne5 13. Qe2 Ba6 14. b3 Nxc4 15. bxc4 Bxc3 16. Bh6 Bg7 17. Bxg7 Kxg7 18.
Rab1 Qc7 19. Qe3 Rxb1 20. Rxb1 Rb8 21. Rxb8 Qxb8 22. Qc3+ Kg8 23. Qb3 Qc7 24. Bf1 Qc5 25. Qb8+ Kg7 26. Qb2+ e5 27. Qc3 Bb7 28. Bd3 Bc8 29.
Kg2 Be6 30. f4 f6 31. Be2 a5 32. h4 exf4 33. gxf4 d5 34. exd5 Bxd5+ 35. Bf3 Bxf3+ 36.
Kxf3 Qc6+ 37. Kg3 Qc5 38. Qd3 Kh6 39. Qc3 Qg1+ 40. Kf3 Qh1+ 41. Kg3 Qg1+ 42. Kh3 Qf1+ 43. Kg3 Qg1+ 1/2-1/2

[Event "Early-Titled-Tuesday-Blitz-September-05-2023"]
[Site "Chess.com"]
[Date "2023.09.05"]
[Round "9"]
[White "AquivaRubinstein"]
[Black "Nf3c5"]
[Result "1-0"]
[WhiteElo "2478"]
[BlackElo "2593"]
[TimeControl "180+1"]
[EndTime "9:41:26 PDT"]
[Termination "AquivaRubinstein won by checkmate"]

1. d4 Nf6 2. c4 g6 3. Nc3 d5 4. cxd5 Nxd5 5. e4 Nxc3 6. bxc3 Bg7 7. Nf3 O-O 8. Be2 c5 9. Rb1 b6 10. O-O Bb7 11. Qd3 Qc8 12. d5 e6 13. c4 exd5 14.
cxd5 Re8 15. Qc2 Ba6 16. Bxa6 Qxa6 17. e5 Nd7 18. e6 fxe6 19. dxe6 Rxe6 20. Ng5 Re7 21.
Bb2 Qe2 22. Qb3+ c4 23. Qb4 a5 24. Qb5 Rae8 25. Qd5+ Kh8 26. Nf7+ Rxf7 27. Qxf7 Re7 28. Bxg7# 1-0

[Event "Early-Titled-Tuesday-Blitz-September-05-2023"]
[Site "Chess.com"]
[Date "2023.09.05"]
[Round "9"]
[White "Chernov_Mikhail"]
[Black "CraiggoryC"]
[Result "1-0"]
[WhiteElo "2380"]
[BlackElo "2212"]
[TimeControl "180+1"]
[EndTime "9:41:26 PDT"]
[Termination "Chernov_Mikhail won on time"]

1. d4 e6 2. e4 d5 3. c4 dxe4 4. Nc3 Nf6 5. f3 c5 6. d5 exd5 7. cxd5 exf3 8. Nxf3 Bd6 9. Bb5+ Bd7 10. O-O O-O 11. Bg5 h6 12. Bh4 Re8 13. Bd3 Bg4 14. Ne4 Rxe4 15. Bxe4 g5 16. Qc2 gxh4 17. Nxh4 Na6 18.
Nf5 Nb4 19. Qb1 Bxf5 20. Bxf5 Nbxd5 21. Qd3 Nf4 22. Qg3+ Kf8 23. Qh4 Qe7 24. Qxh6+ Ke8 25. Rae1 Ne2+ 26. Kf2 1-0

[Event "Early-Titled-Tuesday-Blitz-September-05-2023"]
[Site "Chess.com"]
[Date "2023.09.05"]
[Round "9"]
[White "Parhamov"]
[Black "assezde36"]
[Result "1-0"]
[WhiteElo "2934"]
[BlackElo "2796"]
[TimeControl "180+1"]
[EndTime "9:41:27 PDT"]
[Termination "Parhamov won by resignation"]

1. d4 Nf6 2. c4 e6 3. Nc3 Bb4 4. e3 O-O 5. Bd2 c5 6. a3 Bxc3 7. Bxc3 Ne4 8. Ne2 b6 9. d5 Ba6 10. Qd3 Nxc3 11. Nxc3 exd5 12. Qxd5 Nc6 13. Rd1 Qf6 14.
Be2 Rad8 15. O-O Na5 16. Rd2 Qe6 17. Nb5 Qg6 18. Nd6 Nc6 19. Rfd1 Qf6 20. f4 g6 21.
Bf3 Qe7 22. Qd3 Qf6 23. Qc2 Ne7 24. b4 Nc8 25. b5 Nxd6 26. Rxd6 Qe7 27. bxa6 Qxe3+ 28. Qf2 Qxa3 29. f5 Qxa6 30. Bd5 1-0

[Event "Early-Titled-Tuesday-Blitz-September-05-2023"]
[Site "Chess.com"]
[Date "2023.09.05"]
[Round "9"]
[White "Aswathchess"]
[Black "Evgeny81"]
[Result "1-0"]
[WhiteElo "2620"]
[BlackElo "2738"]
[TimeControl "180+1"]
[EndTime "9:41:27 PDT"]
[Termination "Aswathchess won by resignation"]

1. d4 e6 2. c4 Nf6 3. g3 d5 4.
Bg2 Bb4+ 5. Nd2 O-O 6. Nf3 b6 7. O-O Bb7 8. a3 Be7 9. cxd5 exd5 10. b4 c6 11. Bb2 Nbd7 12. Rc1 a5 13. Qb3 b5 14. e3 Nb6 15. Ne5 Nc4 16. Ndxc4 bxc4 17. Qc3 axb4 18. axb4 Qb6 19. Rb1 Bxb4 20. Bc1 Ra4 21. Qc2 Rfa8 22. Bd2 c5 23. dxc5 Qxc5 24. Bxb4 Rxb4 25. Nd3 Rxb1 26. Nxc5 Rb5 27. Nxb7 Rxb7 28. Rd1 Rd7 29. g4 h6 30. Qf5 Rad8 31. h4 d4 32. exd4 Rxd4 33. Rxd4 Rxd4 34. g5 hxg5 35. hxg5 Nd7 36.
Bd5 1-0

[Event "Early-Titled-Tuesday-Blitz-September-05-2023"]
[Site "Chess.com"]
[Date "2023.09.05"]
[Round "9"]
[White "whitemirrorninja"]
[Black "Zurability"]
[Result "1-0"]
[WhiteElo "2518"]
[BlackElo "2687"]
[TimeControl "180+1"]
[EndTime "9:41:29 PDT"]
[Termination "whitemirrorninja won on time"]

1. d4 Nf6 2. Nc3 d5 3. Bf4 e6 4.
e3 Be7 5. Nf3 O-O 6. Ne5 c5 7.
h4 Nc6 8. h5 h6 9. g4 cxd4 10.
exd4 Qb6 11. Nxc6 bxc6 12. Na4 Qa5+ 13. c3 e5 14. dxe5 Bxg4 15. f3 Nxh5 16. Bxh6 Ng3 17. Rg1 gxh6 18. Qd4 f5 19. exf6 Bxf6 20. Qxg4+ Kh8 21.
Rxg3 Rae8+ 22. Kd2 Rg8 23. Qh5 Rxg3 24. Qxe8+ Rg8 25.
Qxc6 Bg5+ 26. Kc2 d4 27. cxd4 Qf5+ 28. Bd3 Qh3 29. Qe4 Qh2+ 30. Qe2 Qc7+ 31. Nc3 Bf6 32. Re1 Bxd4 33. Qe4 Rg2+ 34. Re2 Rxe2+ 35. Qxe2 1-0

[Event "Early-Titled-Tuesday-Blitz-September-05-2023"]
[Site "Chess.com"]
[Date "2023.09.05"]
[Round "9"]
[White "Shield12"]
[Black "HansOnTwitch"]
[Result "1-0"]
[WhiteElo "2973"]
[BlackElo "3057"]
[TimeControl "180+1"]
[EndTime "9:41:38 PDT"]
[Termination "Shield12 won by resignation"]

1. e4 e5 2. Nf3 Nc6 3. Bb5 a6 4.
Ba4 Nf6 5. O-O Be7 6. Re1 b5 7. Bb3 O-O 8. a4 Bb7 9. d3 d6 10. Bd2 Qd7 11. Nc3 Na5 12. Ba2 b4 13. Ne2 c5 14. Ng3 Rab8 15. h3 Bc8 16. Nf5 Qc7 17. N3h4 Bd8 18. Qf3 Ne8 19. Qg3 Kh8 20. Ne3 Be6 21.
Nd5 Qd7 22. Nf3 b3 23. cxb3 Nxb3 24. Bc3 Bxd5 25. exd5 Nxa1 26. Rxa1 Bf6 27. Bc4 Nc7 28.
Nd2 g6 29. f4 Rbe8 30. Nf3 Kg8 31. fxe5 dxe5 32. Nxe5 Qd6 33. Ng4 Qxg3 34. Nxf6+ Kh8 35. Nxe8+ f6 36. Nxf6 Qh4 37. d6 Na8 38. Nd7+ 1-0

[Event "Early-Titled-Tuesday-Blitz-September-05-2023"]
[Site "Chess.com"]
[Date "2023.09.05"]
[Round "9"]
[White "Manukyan_Artak"]
[Black "onnoelgersma"]
[Result "1/2-1/2"]
[WhiteElo "2463"]
[BlackElo "2580"]
[TimeControl "180+1"]
[EndTime "9:41:41 PDT"]
[Termination "Game drawn by repetition"]

1. e4 e6 2. d4 d5 3. e5 c5 4.
c3 Qb6 5. Nf3 Bd7 6. a3 c4 7. Nbd2 Nc6 8. b4 cxb3 9. Nxb3 Na5 10. Nxa5 Qxa5 11. Bd2 Qc7 12. Bd3 Ne7 13. O-O Nc6 14. Qb1 Na5 15. h4 h6 16. h5 Be7 17.
g4 b6 18. Kg2 Nc4 19. Bc1 Ba4 20. Nd2 Rc8 21. Nxc4 dxc4 22. Be4 Bc6 23. f3 O-O 24. a4 Rb8 25. Bxc6 Qxc6 26. Qe4 Rfc8 27. Qxc6 Rxc6 28.
Ba3 Kf8 29. Rfb1 a6 30. f4 Bxa3 31. Rxa3 Ke7 32. Kf3 f6 33. Ke4 Rcc8 34. f5 fxe5 35. dxe5 Rd8 36. Ra2 Rd3 37. Rab2 Rg3 38. Kf4 Rxc3 39. Rxb6 Rxb6 40. Rxb6 exf5 41. gxf5 Rc1 42. Rb7+ Kf8 43. Rb8+ Ke7 44. Rb7+ Kf8 45. Rb8+ Ke7 46.
Rb7+ 1/2-1/2

[Event "Early-Titled-Tuesday-Blitz-September-05-2023"]
[Site "Chess.com"]
[Date "2023.09.05"]
[Round "9"]
[White "Ducke13"]
[Black "Jumbo"]
[Result "0-1"]
[WhiteElo "2443"]
[BlackElo "2893"]
[TimeControl "180+1"]
[EndTime "9:41:43 PDT"]
[Termination "Jumbo won by checkmate"]

1. d4 d6 2. g3 g6 3. Bg2 Bg7 4. e4 Nf6 5. Ne2 O-O 6. O-O e5 7. Nbc3 Nc6 8. dxe5 Nxe5 9. f4 Nc6 10. h3 Re8 11. a4 a6 12. b3 Nxe4 13. Nxe4 Bxa1 14.
c3 Bf5 15. Ng5 Qf6 16. g4 h6 17. gxf5 hxg5 18. fxg5 Qe5 19. fxg6 fxg6 20. Bd5+ Kg7 21.
Rf7+ Kh8 22. Nf4 Qxg5+ 23. Qg4 Qxg4+ 24. hxg4 Ne5 25. Rxc7 Rac8 26. Rxb7 Rxc3 27. Ba3 Rg3+ 28. Kh2 Rxg4 29. Nh3 Nd3 30. Bxd6 Rd8 31. Rb6 Rxd6 32.
Rxd6 Be5+ 33. Kh1 Bxd6 34. Bc4 Rg3 35. Ng5 Nf2+ 36. Kh2 Rxg5# 0-1

[Event "Early-Titled-Tuesday-Blitz-September-05-2023"]
[Site "Chess.com"]
[Date "2023.09.05"]
[Round "9"]
[White "Russian_berezka"]
[Black "I_am_Javi"]
[Result "0-1"]
[WhiteElo "2580"]
[BlackElo "2754"]
[TimeControl "180+1"]
[EndTime "9:41:47 PDT"]
[Termination "I_am_Javi won by checkmate"]

1. d4 Nf6 2. c4 g6 3. Nc3 Bg7 4. e4 d6 5. Be2 O-O 6. Nf3 e5 7. O-O Nc6 8. d5 Ne7 9. Ne1 Ne8 10. Nd3 f5 11. f3 f4 12. b4 g5 13. c5 Rf7 14. a4 Bf8 15. a5 Ng6 16. Kh1 h5 17. c6 Rb8 18. b5 b6 19. axb6 axb6 20. Nf2 Rh7 21. g3 fxg3 22. hxg3 Bh6 23. Rg1 Nf6 24. Bd2 Kh8 25. Qc1 Ng8 26. Ra7 Qf6 27. Kg2 g4 28. fxg4 hxg4 29. Bxg4 Rf7 30. Bxh6 Qxf2+ 31. Kh3 Bxg4+ 32.
Kxg4 Qf3+ 33. Kg5 Nxh6 34. Kxh6 Rh7+ 35. Kg5 Rg8 36. Ra8 Nf8# 0-1

[Event "Early-Titled-Tuesday-Blitz-September-05-2023"]
[Site "Chess.com"]
[Date "2023.09.05"]
[Round "9"]
[White "FormerProdigy"]
[Black "DenLaz"]
[Result "0-1"]
[WhiteElo "2902"]
[BlackElo "3076"]
[TimeControl "180+1"]
[EndTime "9:41:48 PDT"]
[Termination "DenLaz won by checkmate"]

1. d4 Nf6 2. c4 e6 3. Nc3 Bb4 4. e3 O-O 5. Bd3 d5 6. cxd5 exd5 7. Ne2 Re8 8. O-O Bd6 9. f3 c5 10. Nb5 Bf8 11. dxc5 Bxc5 12. Nbd4 Nc6 13. Bd2 Qb6 14. Qb3 Nxd4 15. exd4 Bxd4+ 16. Nxd4 Qxd4+ 17. Kh1 Bf5 18. Bxf5 Qxd2 19. Qxb7 Rab8 20. Qxa7 Rxb2 21. Bh3 g6 22. a4 Re2 23. Rad1 Qg5 24. f4 Qh4 25. Qa8+ Kg7 26. Qc8 Ne4 27. Kg1 Nf2 28. Qc3+ Kh6 29. Rxf2 Qxf2+ 30. Kh1 Rbd2 31. Rg1 Qxg1+ 32. Kxg1 Re1# 0-1

[Event "Early-Titled-Tuesday-Blitz-September-05-2023"]
[Site "Chess.com"]
[Date "2023.09.05"]
[Round "9"]
[White "tptagain"]
[Black "ChessQueen"]
[Result "1-0"]
[WhiteElo "2928"]
[BlackElo "2765"]
[TimeControl "180+1"]
[EndTime "9:41:50 PDT"]
[Termination "tptagain won by resignation"]

1. Nf3 d5 2. c4 d4 3. b4 Bg4 4. g3 Bxf3 5. exf3 a5 6. b5 Nd7 7. Bg2 Nc5 8. O-O Nf6 9. f4 e6 10. d3 Be7 11. Nd2 Nxd3 12. Bxb7 Nxc1 13. Bxa8 Qxa8 14.
Rxc1 O-O 15. Qf3 Qa7 16. Rfd1 a4 17. Ne4 Nxe4 18. Qxe4 Rd8 19. f5 Qb6 20. fxe6 fxe6 21. Rd3 Bc5 22. Re1 Re8 23. Kg2 Qd6 24. h4 a3 25. h5 h6 26. f4 Re7 27. Qa8+ Kf7 28. Re5 Re8 29. Qe4 Re7 30. g4 Bb6 31. g5 Ke8 32.
Qa8+ Kd7 33. Qxa3 Qxa3 34. Rxa3 Kd6 35. Ra6 1-0

[Event "Early-Titled-Tuesday-Blitz-September-05-2023"]
[Site "Chess.com"]
[Date "2023.09.05"]
[Round "9"]
[White "Druid24"]
[Black "Herzog2012"]
[Result "1-0"]
[WhiteElo "2673"]
[BlackElo "2475"]
[TimeControl "180+1"]
[EndTime "9:41:50 PDT"]
[Termination "Druid24 won by resignation"]

1. e4 c5 2. Nc3 Nc6 3. Bb5 Nd4 4. Bc4 e6 5. Nge2 Ne7 6. O-O a6 7. d3 b5 8. Bb3 Nxb3 9. axb3 Bb7 10. Ng3 d5 11. Qe2 d4 12. Nd1 Qd7 13. f4 Nc6 14. Nf2 Be7 15. f5 O-O-O 16. Ng4 h5 17. Nf2 h4 18. fxe6 fxe6 19. Ngh1 Rdf8 20. Bd2 Bd6 21. Ng4 Ne5 22. Nhf2 Nxg4 23. Nxg4 h3 24. g3 Qc7 25. Rxf8+ Rxf8 26. Rf1 Rxf1+ 27. Qxf1 Bc6 28. Qxh3 c4 29. b4 cxd3 30. cxd3 Bd7 31. Qh8+ Kb7 32. Qxg7 Bxg3 33. Qxd4 Bd6 34. Be3 Qc6 35.
Nf6 e5 36. Qa7+ Kc8 37. Qxd7+ Qxd7 38. Nxd7 Kxd7 39. Bc5 Bc7 40. h4 Bd8 41. h5 Ke6 42. d4 exd4 43. Bxd4 Be7 44. h6 Bxb4 45. h7 1-0

[Event "Early-Titled-Tuesday-Blitz-September-05-2023"]
[Site "Chess.com"]
[Date "2023.09.05"]
[Round "9"]
[White "Doudou2015"]
[Black "KorolDimitriy75"]
[Result "1-0"]
[WhiteElo "2192"]
[BlackElo "2301"]
[TimeControl "180+1"]
[EndTime "9:41:50 PDT"]
[Termination "Doudou2015 won on time"]

1. b3 c5 2. Bb2 Nc6 3. e3 d6 4. f4 e5 5. fxe5 dxe5 6. Nf3 Bd6 7.
Bb5 f6 8. O-O Ne7 9. Bc4 Na5 10.
Qe2 Nxc4 11. Qxc4 Nc6 12. d4 Qe7 13. dxe5 Nxe5 14. Nxe5 Bxe5 15. Bxe5 Qxe5 16. Nc3 Be6 17. Qb5+ Bd7 18. Qxb7 Rb8 19. Qxa7 O-O 20. Qxd7 Qxe3+ 21. Kh1 Qxc3 22. Qd5+ Kh8 23. Qd3 Qb2 24. a4 Rfd8 25. Qc4 Rbc8 26. a5 Qe5 27. a6 h6 28. a7 1-0

[Event "Early-Titled-Tuesday-Blitz-September-05-2023"]
[Site "Chess.com"]
[Date "2023.09.05"]
[Round "9"]
[White "Sjakkerntobi"]
[Black "wannabe2700"]
[Result "0-1"]
[WhiteElo "2482"]
[BlackElo "2624"]
[TimeControl "180+1"]
[EndTime "9:41:51 PDT"]
[Termination "wannabe2700 won on time"]

1. e4 e6 2. d4 d5 3. Nc3 Nf6 4. e5 Nfd7 5. f4 c5 6. Nf3 Nc6 7. Be3 cxd4 8. Nxd4 Qb6 9. Qd2 Qxb2 10. Rb1 Qa3 11. Bb5 Nxd4 12. Bxd4 a6 13. Bxd7+ Bxd7 14. Rb3 Qe7 15. Rxb7 Rc8 16. O-O Qd8 17. f5 exf5 18.
Nxd5 Bc6 19. Nf6+ gxf6 20. exf6 Bxb7 21. Qe3+ Be4 22. Rxf5 Rc6 23. Qxe4+ Re6 24. Re5 Rxe5 25. Qxe5+ Kd7 26. Qd5+ Bd6 27. Qxf7+ Kc6 28. Qc4+ Kb7 29. Qd5+ Kc8 30. Qc6+ Kb8 31. Bb6 Bc7 32. Be3 Qd6 33.
Qc4 Rd8 34. Qb3+ Ka8 0-1

[Event "Early-Titled-Tuesday-Blitz-September-05-2023"]
[Site "Chess.com"]
[Date "2023.09.05"]
[Round "9"]
[White "nrvignesh"]
[Black "Kurai"]
[Result "1-0"]
[WhiteElo "2835"]
[BlackElo "2707"]
[TimeControl "180+1"]
[EndTime "9:41:52 PDT"]
[Termination "nrvignesh won by resignation"]

1. Nf3 d5 2. g3 Nf6 3. Bg2 e6 4. O-O Be7 5. d4 O-O 6. c4 dxc4 7. Qc2 a6 8. a4 Bd7 9. Qxc4 Bc6 10. Bg5 Nbd7 11.
Nc3 h6 12. Bxf6 Nxf6 13. Ne5 Bxg2 14. Kxg2 a5 15. Rfd1 c6 16. Qb3 Ra7 17. e3 Nd5 18. Rac1 Nb4 19. h4 Ra8 20. Nd3 Qb6 21. Ne4 Rad8 22.
Nec5 Bxc5 23. dxc5 Qa7 24. Nxb4 Rxd1 25. Rxd1 axb4 26.
Qxb4 Ra8 27. b3 Qa6 28. Rd7 Rb8 29. Rxf7 Qd3 30. Rc7 Rf8 31. Qd4 Qg6 32. Rd7 Kh7 33. h5 Qg5 34. f4 Qg4 35. Qe4+ Rf5 36. Qf3 Qxh5 37. Qxh5 Rxh5 38. b4 Rd5 39. Rxb7 e5 40.
a5 e4 41. Re7 Rd2+ 42. Kh3 h5 43. Rxe4 g5 44. fxg5 Kg6 45. Re6+ Kxg5 46. Rxc6 Rd1 47.
a6 Ra1 48. b5 Ra3 49. Rc8 h4 50. gxh4+ Kf5 51. Re8 1-0

[Event "Early-Titled-Tuesday-Blitz-September-05-2023"]
[Site "Chess.com"]
[Date "2023.09.05"]
[Round "9"]
[White "S-Fazulyanov"]
[Black "Darius321"]
[Result "0-1"]
[WhiteElo "2425"]
[BlackElo "2345"]
[TimeControl "180+1"]
[EndTime "9:41:53 PDT"]
[Termination "Darius321 won by resignation"]

1. e4 Nc6 2. Nf3 e5 3. Nc3 Bb4 4. Nd5 Bc5 5. c3 Nf6 6. d4 exd4 7. cxd4 Nxd5 8. exd5 Bb4+ 9. Bd2 Bxd2+ 10. Qxd2 Qe7+ 11. Be2 Nb4 12. O-O Nxd5 13. Rfe1 O-O 14. Bd3 Qf6 15.
Re5 c6 16. Rae1 d6 17. Rh5 g6 18. Rh6 Qg7 19. h4 Bg4 20. Nh2 Be6 21. Qg5 f6 22.
Qd2 Rae8 23. h5 f5 24. hxg6 hxg6 25. Qg5 Bf7 26. Rxe8 Rxe8 27. Nf3 Nf6 28. Nh4 Re1+ 29. Kh2 Ng4+ 30. Kg3 Nxh6 31. Qd8+ Re8 32. Qxd6 Ng4 0-1

[Event "Early-Titled-Tuesday-Blitz-September-05-2023"]
[Site "Chess.com"]
[Date "2023.09.05"]
[Round "9"]
[White "Murad_Ibrahimli"]
[Black "AradNazari"]
[Result "1-0"]
[WhiteElo "2861"]
[BlackElo "2707"]
[TimeControl "180+1"]
[EndTime "9:41:54 PDT"]
[Termination "Murad_Ibrahimli won by resignation"]

1. d4 Nf6 2. c4 g6 3. Nf3 Bg7 4.
g3 O-O 5. Bg2 c6 6. O-O d5 7. Nbd2 Bf5 8. b3 a5 9. Ba3 a4 10. Qc1 axb3 11. axb3 Nbd7 12. e3 Ne4 13. Bb4 Rxa1 14. Qxa1 c5 15. Ba3 Nxd2 16. Nxd2 dxc4 17.
bxc4 b6 18. Bb2 Ne5 19. d5 f6 20. Bxe5 fxe5 21. Ne4 Qa8 22. Qxa8 Rxa8 23. d6 Ra7 24.
dxe7 Rxe7 25. Rb1 Re6 26. h3 Bxe4 27. Bxe4 Rd6 28. Bd5+ Kf8 29. Kg2 Ke7 30. Kf3 Rf6+ 31. Ke2 Rd6 32. Kd3 Bf6 33. Ke4 Bg7 34. Ra1 Bf6 35.
Ra8 Rd8 36. Ra6 Rd6 37. f4 exf4 38. gxf4 g5 39. f5 h5 40. Be6 Ke8 41. Ra8+ Rd8 42.
Ra7 Be7 43. Ke5 Rd3 44. e4 g4 45. hxg4 hxg4 46. f6 Bd6+ 47. Kf5 Rf3+ 48. Kg6 1-0

[Event "Early-Titled-Tuesday-Blitz-September-05-2023"]
[Site "Chess.com"]
[Date "2023.09.05"]
[Round "9"]
[White "Beca95"]
[Black "Alexander_Donchenko"]
[Result "1/2-1/2"]
[WhiteElo "2978"]
[BlackElo "2859"]
[TimeControl "180+1"]
[EndTime "9:41:55 PDT"]
[Termination "Game drawn by repetition"]

1. d4 Nf6 2. c4 e6 3. Nc3 d5 4. Nf3 Bb4 5. Bg5 h6 6. Bxf6 Qxf6 7. e3 O-O 8. Rc1 dxc4 9. Bxc4 c5 10. O-O cxd4 11. Ne4 Qe7 12. a3 Ba5 13. Qxd4 Rd8 14. Qe5 Bb6 15. g4 Nd7 16. Qf4 Nf6 17. Nxf6+ Qxf6 18. Qxf6 gxf6 19. Rfd1 Bd7 20. Nd4 Rac8 21.
Bb3 Rxc1 22. Rxc1 Bxd4 23. exd4 Bc6 24. Rd1 Kf8 25. h3 Ke7 26. f4 h5 27. Kf2 hxg4 28. hxg4 a5 29. Kg3 Be4 30. f5 exf5 31. Kf4 Bd5 32.
Bxd5 Rxd5 33. gxf5 Rb5 34. Rd2 Rb3 35. Ke4 Kd6 36.
Rc2 b6 37. Rh2 Rb5 38. b4 axb4 39. axb4 Rxb4 40. Rh8 Rb1 41. Rd8+ Ke7 42. Rb8 Kd6 43. Rb7 Re1+ 44. Kd3 Rd1+ 45. Ke4 Re1+ 46. Kd3 Rd1+ 47. Ke4 Re1+ 1/2-1/2

[Event "Early-Titled-Tuesday-Blitz-September-05-2023"]
[Site "Chess.com"]
[Date "2023.09.05"]
[Round "9"]
[White "JaloliddinIlkhomi"]
[Black "Tsyhanchuk_Stanislav"]
[Result "1-0"]
[WhiteElo "2574"]
[BlackElo "2421"]
[TimeControl "180+1"]
[EndTime "9:41:55 PDT"]
[Termination "JaloliddinIlkhomi won by resignation"]

1. d4 Nf6 2. Nf3 e6 3. c3 d5 4. Bf4 Bd6 5. Bg3 O-O 6. e3 c5 7. Nbd2 Nc6 8. Bd3 b6 9. Ne5 Bb7 10. f4 Ne7 11. Qb1 g6 12. O-O Nf5 13. Bf2 h5 14.
Qd1 Ne4 15. Qe2 a6 16. Rad1 b5 17. Bxe4 dxe4 18. g4 hxg4 19. Qxg4 Bxe5 20. dxe5 Qd3 21. Nb3 Nxe3 22. Rxd3 Nxg4 23. Rd7 e3 24. Bh4 Bd5 25. Nxc5 Kg7 26. Re1 Rh8 27. Bg3 Rh3 28. Kf1 Rah8 29. Ke2 Rxh2+ 30. Bxh2 Rxh2+ 31. Kd1 Bf3+ 32. Kc1 e2 33.
Nxe6+ Kh7 34. Ng5+ Kh6 35. Nxf3 Kh5 36. Nxh2 Nxh2 37.
Rxe2 1-0

[Event "Early-Titled-Tuesday-Blitz-September-05-2023"]
[Site "Chess.com"]
[Date "2023.09.05"]
[Round "9"]
[White "Boorchess"]
[Black "abelmat"]
[Result "1-0"]
[WhiteElo "2566"]
[BlackElo "1951"]
[TimeControl "180+1"]
[EndTime "9:42:00 PDT"]
[Termination "Boorchess won on time"]

1. d4 d5 2. c4 e6 3. Nf3 Nf6 4. g3 Be7 5. Bg2 O-O 6. O-O dxc4 7. Qc2 a6 8. a4 c5 9. dxc5 Nbd7 10. Qxc4 Nxc5 11. Qc2 Bd7 12. Ne5 Rc8 13. Nxd7 Ncxd7 14. Nc3 Nd5 15. Bxd5 exd5 16. Rd1 Nf6 17. Be3 Bc5 18. Bxc5 Rxc5 19. Qb3 Qc7 20. Nxd5 Nxd5 21. Rxd5 Rxd5 22.
Qxd5 Rd8 23. Qe4 g6 24. Qe3 Qd7 25. b4 Re8 26. Qf3 Qe7 27. Rb1 Qxe2 28. Qxb7 Qc2 29. Ra1 Qc3 30. Rf1 1-0

[Event "Early-Titled-Tuesday-Blitz-September-05-2023"]
[Site "Chess.com"]
[Date "2023.09.05"]
[Round "9"]
[White "sokidze"]
[Black "Barbus89"]
[Result "1-0"]
[WhiteElo "2764"]
[BlackElo "2558"]
[TimeControl "180+1"]
[EndTime "9:42:01 PDT"]
[Termination "sokidze won on time"]

1. e4 c6 2. d4 d5 3. e5 Bf5 4. Nf3 e6 5. Be2 c5 6. O-O Nc6 7. c3 cxd4 8. Nxd4 Nge7 9. Nxf5 Nxf5 10. Bd3 g6 11. Qe2 Bc5 12. Nd2 Qc7 13. Nf3 O-O-O 14. b4 Be7 15. a3 Kb8 16. Bb2 h5 17. Rac1 g5 18. Bxf5 exf5 19. c4 d4 20. Rfd1 g4 21. Nxd4 Nxd4 22. Bxd4 Bg5 23. Rb1 Rhe8 24. b5 Ka8 25. b6 Qc6 26. bxa7 h4 27. Rb6 Qc7 28. Rd6 1-0

[Event "Early-Titled-Tuesday-Blitz-September-05-2023"]
[Site "Chess.com"]
[Date "2023.09.05"]
[Round "9"]
[White "vladgoncharov"]
[Black "lamomiajunior"]
[Result "0-1"]
[WhiteElo "2552"]
[BlackElo "2698"]
[TimeControl "180+1"]
[EndTime "9:42:01 PDT"]
[Termination "lamomiajunior won on time"]

1. d4 Nf6 2. c4 e6 3. Nc3 Bb4 4. e3 O-O 5. Bd3 d5 6. Nf3 dxc4 7.
Bxc4 c5 8. a3 Bxc3+ 9. bxc3 Qc7 10. Qe2 cxd4 11. Nxd4 a6 12. Bb2 e5 13. Nf3 Bg4 14.
h3 Bh5 15. g4 Bg6 16. Nh4 Nc6 17. Nxg6 hxg6 18. h4 e4 19. g5 Ne5 20. Ba2 Nd3+ 21.
Kf1 Nh5 22. c4 Nxb2 23. Qxb2 Rad8 24. Kg2 Qd7 25. Qe2 Qf5 26. Rhd1 Kh7 27. Rd5 Rxd5 28.
cxd5 f6 29. gxf6 Nxf6 30. Rf1 g5 31. Rh1 g4 32. d6 Rd8 33. Qd2 Qf3+ 34. Kg1 g3 35. h5 Rxd6 0-1

[Event "Early-Titled-Tuesday-Blitz-September-05-2023"]
[Site "Chess.com"]
[Date "2023.09.05"]
[Round "9"]
[White "wonderfultime"]
[Black "Hikaru"]
[Result "1-0"]
[WhiteElo "3018"]
[BlackElo "3242"]
[TimeControl "180+1"]
[EndTime "9:42:03 PDT"]
[Termination "wonderfultime won by checkmate"]

1. d4 a6 2. e4 c6 3. Bd3 d5 4. exd5 cxd5 5. Bf4 Nc6 6. c3 g6 7. Nd2 Bf5 8. Bxf5 gxf5 9. Qb3 b5 10. Ngf3 e6 11. Ne5 Nge7 12. Ndf3 f6 13. Nd3 Ng6 14. O-O Kf7 15. Rfe1 Be7 16. a4 Qb6 17. Re2 Rhe8 18. Rae1 Bf8 19. h4 h5 20. Bg3 b4 21. Nd2 Rac8 22.
Qd1 bxc3 23. bxc3 Nd8 24. Nb1 Bg7 25. Rb2 Qc6 26. a5 Qc4 27. Rb4 Qa2 28. Ra4 Qxa4 29. Qxa4 Nc6 30. Nd2 Bh6 31. Nb3 f4 32. Bh2 e5 33.
dxe5 fxe5 34. Nbc5 e4 35. Nb4 Nce5 36. Nb7 Ke6 37. Nxd5 Kxd5 38. Qxe4+ Ke6 39. Qxg6+ Kd7 40. Qd6# 1-0

[Event "Early-Titled-Tuesday-Blitz-September-05-2023"]
[Site "Chess.com"]
[Date "2023.09.05"]
[Round "9"]
[White "Zarinur"]
[Black "DopplerCharlotteDeWitte"]
[Result "0-1"]
[WhiteElo "2506"]
[BlackElo "2712"]
[TimeControl "180+1"]
[EndTime "9:42:07 PDT"]
[Termination "DopplerCharlotteDeWitte won by checkmate"]

1. e4 c5 2. Nf3 e6 3. g3 d5 4.
exd5 exd5 5. d4 cxd4 6. Nxd4 Nc6 7. Bg2 Bc5 8. Be3 Nxd4 9. Bxd4 Qe7+ 10. Kf1 Nf6 11. Nc3 Be6 12. Qd3 O-O 13. Re1 Rad8 14. Ne2 Ne4 15. f3 Nf6 16. Nf4 Rfe8 17. c3 Bf5 18. Rxe7 Bxd3+ 19. Nxd3 Bxe7 20. Kf2 b6 21. Rd1 Rc8 22. Bh3 Rc7 23. Be5 Rc4 24. b3 Rc6 25. Bxf6 Rxf6 26. Nf4 Bc5+ 27. Kf1 g5 28. Nxd5 Rxf3+ 29. Kg2 Rf2+ 30. Kh1 Ree2 31. Bg4 Rxh2# 0-1

[Event "Early-Titled-Tuesday-Blitz-September-05-2023"]
[Site "Chess.com"]
[Date "2023.09.05"]
[Round "9"]
[White "Hope_6"]
[Black "Casper"]
[Result "1-0"]
[WhiteElo "2721"]
[BlackElo "2452"]
[TimeControl "180+1"]
[EndTime "9:42:09 PDT"]
[Termination "Hope_6 won on time"]

1. d4 Nf6 2. c4 g6 3. Nc3 Bg7 4.
e4 O-O 5. f3 d6 6. Be3 c5 7.
Nge2 cxd4 8. Nxd4 Nc6 9. Qd2 Bd7 10. Be2 Rc8 11. O-O a6 12. Rfd1 Qa5 13. Nxc6 bxc6 14.
Nd5 Qxd2 15. Nxe7+ Kh8 16. Rxd2 Rce8 17. Nxc6 Bxc6 18.
Rxd6 Rc8 19. Rad1 Ne8 20. R6d2 Nc7 21. b3 Ne6 22. Kf2 Be5 23. g3 f5 24. exf5 Rxf5 25. f4 Rcf8 26. Kg1 Bc7 27. Bg4 R5f6 28. Re2 Kg8 29. Bf2 Ng7 30. Re7 Bd6 31. Ra7 Bxf4 32. Bd4 Bb8 33. Rxa6 Bf3 34. Bxf6 Bxg4 35. Bxg7 Re8 36.
Rd4 1-0